 Dungeon Crawl Stone Soup version 0.21.1-1-g345015fe64 (webtiles) character file.

219 Htamos the Chopper (level 5, -2/47 HPs)
             Began as a Minotaur Berserker on July 4, 2018.
             Was a Believer of Trog.
             Slain by a centaur
             ... wielding a +0 rapier
              (6 damage)
             ... on level 3 of the Dungeon.
             The game lasted 00:06:04 (2776 turns).

Htamos the Chopper (Minotaur Berserker)             Turns: 2776, Time: 00:06:04

Health: -2/47      AC: 11    Str: 22    XL:     5   Next: 64%
Magic:  4/4        EV:  7    Int:  4    God:    Trog [**....]
Gold:   158        SH:  0    Dex: 10    Spells: 4/4 levels left

rFire    . . .     SeeInvis .   k - +2 mace (crush)
rCold    . . .     Gourm    .   (no shield)
rNeg     . . .     Faith    .   j - +0 plate armour
rPois    .         Spirit   .   (helmet restricted)
rElec    .         Reflect  .   (no cloak)
rCorr    .         Harm     .   (no gloves)
MR       .....                  (no boots)
Stlth    ..........             (no amulet)
HPRegen  0.15/turn              (no ring)
MPRegen  0.09/turn              (no ring)

@: lethally poisoned (-2 -> -3)
A: retaliatory headbutt, horns 2
a: Berserk, Trog's Hand, Burn Spellbooks, Renounce Religion


You were on level 3 of the Dungeon.
You worshipped Trog.
Trog was pleased with you.
You were hungry.

You visited 1 branch of the dungeon, and saw 3 of its levels.

You collected 158 gold pieces.

Inventory:

Hand Weapons
 a - a +0 hand axe
 k - a +2 mace of crushing (weapon)
Armour
 j - a +0 plate armour (worn)
Jewellery
 b - an uncursed ring of protection from cold {unknown}
 g - an uncursed ring of ice {unknown}
Scrolls
 d - a scroll of enchant weapon {unknown}
 i - 4 scrolls of identify {unknown}
Potions
 e - 3 potions of heal wounds {unknown}
 f - a potion of curing {unknown}
 h - a potion of flight {unknown}
Comestibles
 c - 8 rations


   Skills:
 + Level 4.6 Fighting
 * Level 5.8 Axes
 * Level 4.3 Armour
 + Level 2.7 Dodging


You had 4 spell levels left.
You didn't know any spells.

Dungeon Overview and Level Annotations

Branches:
Dungeon (3/15)

Altars:
Kikubaaqudgha


Innate Abilities, Weirdness & Mutations

You reflexively headbutt those who attack you in melee.
You have a pair of horns on your head.


Message History

* * * LOW HITPOINT WARNING * * *
The goblin barely misses you. The centaur hits you with a rapier.
* * * LOW HITPOINT WARNING * * *
You thump the centaur!
You headbutt the centaur, but do no damage.
The centaur is almost dead.
You feel sick. The goblin hits you but does no damage.
The centaur hits you with a rapier.
* * * LOW HITPOINT WARNING * * *
The goblin hits you but does no damage.
The centaur unwields an uncursed rapier.
The centaur wields an uncursed shortbow of freezing.
It is covered in frost.
The centaur shoots an arrow.
The arrow hits you but does no damage.
Your plate armour prevents you from hitting the centaur.
The centaur is almost dead.
The centaur unwields an uncursed shortbow of freezing.
The centaur wields an uncursed rapier.
The centaur hits you with an uncursed rapier.
You die...

g# #[.### #.# #.. ....#
#....# #.# #.. .##.# ##.#.#
#.# ##. .##.# #.#.# #.# #.
## .##.##. #.#.###.# .. .##
##....... ##.......# ..
..######(###.# #.....####
...
...#.....(.#.######.#...####
...(......((..gc@..........+
...#(##....#.######.#...####
..##.##......# #.....#
.###.##.##.### #..##.# ##
#c##.##.# #..##.# #
#.......# #.....# ####.####
##.#### . .# #.# #. # #.#
##.


You could see a centaur and a goblin.

Vanquished Creatures
  An ogre (D:3)
  A worker ant (D:3)
  3 adders (D:2)
  An ooze (D:3)
  2 worms (D:2)
  2 dart slugs (D:1)
  4 leopard geckos
  2 orcs (D:3)
  7 bats
  4 giant cockroaches (D:1)
  11 goblins
  3 hobgoblins
  3 jackals (D:3)
  4 kobolds (D:2)
  2 quokkas
  3 frilled lizards (D:1)
  10 rats
63 creatures vanquished.

Notes
Turn   | Place    | Note
-------+----------+-------------------------------------------
     0 | D:1      | Htamos the Minotaur Berserker began the quest for the Orb.
     0 | D:1      | Reached XP level 1. HP: 19/19 MP: 0/0
   109 | D:1      | Reached XP level 2. HP: 23/27 MP: 1/1
   211 | D:1      | Reached skill level 4 in Axes
   949 | D:2      | Reached XP level 3. HP: 32/33 MP: 2/2
  1028 | D:2      | Reached ** piety under Trog
  1207 | D:2      | Reached skill level 5 in Axes
  1243 | D:2      | Reached XP level 4. HP: 32/41 MP: 3/3
  1810 | D:3      | Noticed a hippogriff
  1810 | D:3      | Noticed a centaur
  1820 | D:3      | HP: 1/41 [hippogriff (5)]
  2145 | D:3      | Found an ancient bone altar of Kikubaaqudgha.
  2263 | D:3      | Noticed an ogre
  2281 | D:3      | Killed an ogre
  2281 | D:3      | Reached XP level 5. HP: 5/47 MP: 4/4
  2776 | D:3      | Slain by a centaur

Skill      XL: |  1  2  3  4 |
---------------+-------------+-----
Fighting       | 4 |  4.6
Axes           | 4 5 |  5.8
Armour         | 4 |  4.3
Dodging        | |  2.7

Action                   |  1- 3 |  4- 6 || total
-------------------------+-------+-------++-------
Melee: Hand axe          |    96 |    32 ||   128
       Headbutt          |    11 |    14 ||    25
       Mace              |       |    32 ||    32
  Use: Scroll            |       |     1 ||     1
 Stab: Sleeping          |     1 |       ||     1
  Eat: Chunk             |     1 |     4 ||     5
Armor: Animal skin       |     3 |       ||     3
       Ring mail         |    20 |       ||    20
       Plate armour      |     8 |    49 ||    57
Dodge: Dodged            |    62 |    29 ||    91
